 Dungeon Crawl Stone Soup version 0.29.0-11-gd7f09526c8 (webtiles) character file.

Game seed: 15602278871007972943

284 gelatine the Chopper (level 6, -6/48 HPs)
             Began as a Demonspawn Fighter on Sept 3, 2022.
             Killed by divine providence
             ... invoked by an orc priest
              (11 damage)
             ... on level 4 of the Dungeon.
             The game lasted 00:05:05 (3622 turns).

gelatine the Chopper (Demonspawn Fighter)           Turns: 3622, Time: 00:05:07

Health: -6/48      AC: 10    Str: 24    XL:     6   Next: 7%
Magic:  6/6        EV:  9    Int: 10    God:
Gold:   185        SH:  4    Dex: 12    Spells: 5/5 levels left

rFire   . . .      SeeInvis .   a - +0 war axe
rCold   + . .      Faith    .   c - +0 buckler
rNeg    . . .      Spirit   .   b - +0 scale mail
rPois   .          Reflect  .   (no helmet)
rElec   .          Harm     .   (no cloak)
rCorr   .          Rampage  .   (no gloves)
Will    .....                   (no boots)
Stlth   ..........              (no amulet)
HPRegen 0.16/turn               n - ring of protection from cold
MPRegen 0.10/turn               r - +6 ring of strength

@: mighty
A: icy blue scales 2
a: no special abilities


You were on level 4 of the Dungeon.
You visited 1 branch of the dungeon, and saw 4 of its levels.

You collected 185 gold pieces.

Inventory:

Hand Weapons
 a - a +0 war axe (weapon)
Armour
 b - a +0 scale mail (worn)
 c - a +0 buckler (worn)
Jewellery
 n - a ring of protection from cold (left hand)
 r - a +6 ring of strength (right hand)
Scrolls
 e - 2 scrolls of blinking {unknown}
 i - a scroll of identify {unknown}
 j - a scroll of butterflies {unknown}
 l - 2 scrolls of immolation {unknown}
 m - a scroll of vulnerability {unknown}
 o - 2 scrolls of teleportation {unknown}
 s - a scroll of amnesia {unknown}
 t - 2 scrolls of fear {unknown}
 u - a scroll of poison {unknown}
Potions
 g - a potion of mutation {unknown}
 h - a potion of magic
 k - a potion of attraction {unknown}
 p - a potion of resistance {unknown}
 q - a potion of haste {unknown}


   Skills:
 + Level 3.7 Fighting
 * Level 4.2 Axes
 + Level 1.1 Throwing
 + Level 3.7 Armour
 + Level 0.3 Dodging
 + Level 0.3 Stealth
 + Level 3.0 Shields


You had 5 spell levels left.
You didn't know any spells.
Your spell library contained the following spells:

 Spells                   Type           Power      Damage    Failure   Level
 Fireball                 Conj/Fire      0%         3d3       100%        5
 Starburst                Conj/Fire      0%         6d3       100%        6
 Ignition                 Fire           0%         3d3       100%        8


Dungeon Overview and Level Annotations

Branches:
Dungeon (4/15)
 Temple: D:4-7

Altars:
Kikubaaqudgha


Innate Abilities, Weirdness & Mutations

You are mostly covered in icy blue scales. (AC +3)


Message History

The orc priest looks encouraged for a moment.
The orc hits you but does no damage.
You barely miss the orc. The orc hits you but does no damage.
You barely miss the orc. The orc hits you with a +0 hand axe.
You block the orc's attack.
You barely miss the orc. You completely miss the orc. You hit the orc.
The orc is almost dead.
The orc hits you but does no damage. x2
You slash the orc!
You kill the orc!
The orc priest casts a cantrip, but nothing happens.
The orc priest invokes the aid of Beogh against you.
Beogh smites you!
* * * LOW HITPOINT WARNING * * *
You hit the orc.
The orc is severely wounded.
The orc barely misses you.
You slash the orc!
You kill the orc!
The orc hits you with a +0 mace.
* * * LOW HITPOINT WARNING * * *
You hit the orc.
The orc is moderately wounded.
The orc hits you but does no damage.
You slash the orc!
You kill the orc!
It was a potion of magic.
Magic courses through your body.
The orc priest hits you but does no damage.
You feel very mighty all of a sudden. The orc priest barely misses you.
You slash the orc priest!
The orc priest is heavily wounded.
The orc priest hits you but does no damage.
The orc priest hits you with a +0 dagger.
* * * LOW HITPOINT WARNING * * *
The orc priest mumbles some strange prayers to Beogh against you.
Beogh smites you!
You die...

##.....###.....
##..........# ...##
##.........### ....###
##...........# .......
.......###...# .....#
......## #...## ##....#
......# ##...# #....#
......## #...####...#
.......## #.....@oo..#
........###...####J.......
..#.......#..## ##.....##
#.###.......## ....##
....##......## .(...#
.............######......#
....######..........#(....
...># ##........####...
.#..# #..####...#


You could see 2 orc priests and an endoplasm.

Vanquished Creatures
  A phantom (D:4)
  A necrophage (D:4)
  An iguana (D:4)
  4 adders
  A worm (D:4)
  2 dart slugs
  9 orcs
  7 ball pythons
  7 endoplasms
  3 giant cockroaches
  7 goblins
  5 hobgoblins
  3 quokkas
  4 bats
  3 frilled lizards
  7 kobolds
  6 rats
71 creatures vanquished.

Vanquished Creatures (others)
  A plant (D:2)
1 creature vanquished.

Grand Total: 72 creatures vanquished

Notes
Turn   | Place    | Note
-------+----------+-------------------------------------------
     0 | D:1      | gelatine the Demonspawn Fighter began the quest for the
                  | Orb.
     0 | D:1      | Reached XP level 1. HP: 18/18 MP: 1/1
   244 | D:1      | Gained mutation: You are partially covered in icy blue
                  | scales. (AC +2) [demonic ancestry]
   244 | D:1      | Reached XP level 2. HP: 24/24 MP: 2/2
   329 | D:1      | Reached skill level 2 in Axes
  1003 | D:2      | Reached XP level 3. HP: 29/29 MP: 3/3
  1488 | D:2      | Found a faded altar of an unknown god.
  1541 | D:2      | Found an ancient bone altar of Kikubaaqudgha.
  1952 | D:2      | Reached skill level 1 in Throwing
  2193 | D:3      | Gained mutation: You are mostly covered in icy blue scales.
                  | (AC +3) [demonic ancestry]
  2193 | D:3      | Reached XP level 4. HP: 31/35 MP: 4/4
  3091 | D:4      | Noticed a phantom
  3101 | D:4      | Killed a phantom
  3102 | D:4      | Reached skill level 3 in Axes
  3102 | D:4      | Reached XP level 5. HP: 38/41 MP: 5/5
  3196 | D:4      | Reached skill level 4 in Axes
  3421 | D:4      | Reached XP level 6. HP: 35/48 MP: 6/6
  3622 | D:4      | Killed from afar by an orc priest

Illustrated notes

Levels and vault maps discovered:
D:1:      giann_wishing_wells, layout_basic, minmay_misc_feat_columns
D:2:      layout_loops_corners, basic_altar,
          hellmonk_ecumenical_altar_leap_of_faith, serial_bayou_pond_d,
          grunt_decor_fettered
D:3:      layout_basic, kennysheep_generic_room_9
D:4:      layout_layer_cave, minmay_pentomino_pile, uniq_pikel

Skill      XL: |  1  2  3  4  5 |
---------------+----------------+-----
Axes           | 2 3 4 |  4.2
Armour         | 3 |  3.7
Shields        | 3 |  3.0
Throwing       | 1 |  1.1
Fighting       | |  3.7
Dodging        | |  0.3
Stealth        | |  0.3

Action                   |  1- 3 |  4- 6 || total
-------------------------+-------+-------++-------
Melee: War axe           |   110 |   101 ||   211
Throw: Dart              |    32 |     8 ||    40
  Use: Potion            |       |     2 ||     2
Armor: Scale mail        |    65 |    47 ||   112
Dodge: Dodged            |    59 |    40 ||    99
Block: Buckler           |    35 |    25 ||    60
